 Dungeon Crawl Stone Soup version 0.22-a0-348-gd16d1391c7 (webtiles) character file.

1073 GordonOverkill the Cleaver (level 8, -5/63 HPs)
             Began as a Hill Orc Enchanter on Apr 9, 2018.
             Was an Initiate of Okawaru.
             Slain by Menkaure (17 damage)
             ... on level 6 of the Dungeon.
             The game lasted 00:23:07 (9461 turns).

GordonOverkill the Cleaver (Hill Orc Enchanter)     Turns: 9461, Time: 00:23:08

Health: -5/63      AC: 11    Str: 13    XL:     8   Next: 28%
Magic:  19/19      EV:  9    Int: 15    God:    Okawaru [......]
Gold:   163        SH:  0    Dex: 11    Spells: 10/10 levels left

rFire    . . .     SeeInvis .   a - +0 hand axe
rCold    . . .     Gourm    .   (no shield)
rNeg     . . .     Faith    .   c - +0 scale mail
rPois    .         Spirit   .   (no helmet)
rElec    .         Reflect  .   h - +0 cloak
rCorr    .         Harm     .   u - +1 pair of gloves
MR       .....                  g - +0 pair of boots
Stlth    ++........             (no amulet)
HPRegen  0.20/turn              p - ring of magical power
MPRegen  0.16/turn              m - ring of stealth

@: hasted, very quick
A: no striking features
a: Renounce Religion


You were on level 6 of the Dungeon.
You worshipped Okawaru.
Okawaru was noncommittal.
You were hungry.

You visited 2 branches of the dungeon, and saw 7 of its levels.

You collected 212 gold pieces.
You spent 49 gold pieces at shops.

Inventory:

Hand Weapons
 a - a +0 hand axe (weapon)
 e - a +0 morningstar
Missiles
 l - a throwing net (quivered)
Armour
 c - a +0 scale mail (worn)
 g - a +0 pair of boots (worn)
 h - a +0 cloak (worn)
 k - a +0 chain mail
 q - a +0 ring mail of cold resistance
 s - a +0 shield
 u - a +1 pair of gloves (worn)
Jewellery
 b - an uncursed ring of ice
 m - a ring of stealth (right hand)
 n - an uncursed ring of fire
 p - a ring of magical power (left hand)
Wands
 o - a wand of acid (7)
Scrolls
 i - 5 scrolls of remove curse
 r - a scroll of amnesia
Potions
 f - a potion of brilliance
 j - a potion of curing
 w - a potion of cancellation
Comestibles
 d - 14 rations


   Skills:
 - Level 3.0 Fighting
   Level 1.0 Short Blades
 + Level 10.2 Axes
 - Level 3.0 Armour
 - Level 1.5 Dodging
 - Level 2.4 Stealth
 - Level 1.5 Spellcasting
   Level 3.0 Hexes
 + Level 3.5 Invocations


You had 10 spell levels left.
You didn't know any spells.

Dungeon Overview and Level Annotations

Branches:
Dungeon (6/15)             Temple (1/1) D:5

Altars:
Ashenzari
Cheibriados
Dithmenos
Fedhas
Makhleb
Nemelex Xobeh
Okawaru
Qazlal
Ru
Sif Muna
Trog
Uskayaw
Vehumet
Wu Jian
Xom
Zin
The Shining One

Shops:
D:4 [

Annotations:
D:1 Pikel
D:3 Grinder
D:4 Edmund
D:6 Menkaure


Message History

Okay, then.
Okay, then.
You feel yourself speed up.
Menkaure calls on the powers of darkness!
Your body is wracked with pain!
* * * LOW HITPOINT WARNING * * *
You hit Menkaure.
Menkaure is heavily damaged.
Menkaure hits you but does no damage.
You hit Menkaure.
Menkaure is severely damaged.
You hit Menkaure but do no damage.
Menkaure is severely damaged.
Menkaure barely misses you.
You hit Menkaure.
Menkaure is almost destroyed.
You barely miss Menkaure.
Menkaure is almost destroyed.
Menkaure hits you!
You die...

.. ...... .. ....
.. .... #. ..$ #.
#.. #. #.#
#####.####.#
#.....≈..#.##
#.......<#@.##
#........M...#
#####.#####....(.
#. ..#.... #.
#.#...# <. .# ..#
.. .# ## ... .#


You could see Menkaure.

Vanquished Creatures
  3 slaves
  2 sky beasts
  The ghost of Laan the Magician, an amateur NaWz (D:3)
  2 ogres
  A howler monkey (D:4)
  2 crimson imps (D:5)
  3 hounds
  An orc priest (D:4)
  3 orc wizards
  An iguana (D:5)
  A gnoll shaman (D:4)
  A worker ant (D:5)
  6 gnolls
  7 adders
  A shadow imp (D:5)
  6 worms
  A dart slug (D:1)
  4 leopard geckos
  16 orcs
  4 ball pythons
  6 bats
  10 giant cockroaches
  10 goblins
  7 hobgoblins
  9 kobolds
  A quokka (D:2)
  2 frilled lizards
  4 rats
115 creatures vanquished.

Notes
Turn   | Place    | Note
-------+----------+-------------------------------------------
     0 | D:1      | GordonOverkill the Hill Orc Enchanter began the quest for the Orb.
     0 | D:1      | Reached XP level 1. HP: 14/14 MP: 3/3
   309 | D:1      | Reached skill level 1 in Fighting
   337 | D:1      | Reached skill level 1 in Armour
   340 | D:1      | Reached XP level 2. HP: 23/23 MP: 1/4
   597 | D:1      | Reached XP level 3. HP: 29/29 MP: 5/5
  1182 | D:2      | You fall through a shaft!
  1182 | D:3      | Noticed Laan's ghost (amateur NaWz)
  1235 | D:3      | Noticed Grinder
  1612 | D:2      | Reached XP level 4. HP: 19/37 MP: 6/6
  2085 | D:2      | Found a shimmering altar of Xom.
  2095 | D:2      | Found a deep blue altar of Sif Muna.
  2096 | D:2      | Found a hide-covered altar of Uskayaw.
  2170 | D:2      | Found a glowing golden altar of the Shining One.
  2567 | D:3      | Reached skill level 1 in Axes
  2820 | D:3      | Reached skill level 2 in Axes
  2820 | D:3      | Reached XP level 5. HP: 33/45 MP: 7/7
  2945 | D:3      | Found a burning altar of Makhleb.
  2996 | D:3      | Reached skill level 3 in Axes
  3166 | D:3      | Killed Laan's ghost
  3166 | D:3      | Reached skill level 4 in Axes
  3602 | D:3      | Paralysed by Grinder for 2 turns
  3822 | D:4      | Noticed Pikel
  3822 | D:4      | Noticed a slave
  3822 | D:4      | Noticed a slave
  3822 | D:4      | Noticed a slave
  3822 | D:4      | Noticed a slave
  4956 | D:4      | Reached skill level 5 in Axes
  4956 | D:4      | Reached XP level 6. HP: 40/51 MP: 8/8
  4959 | D:4      | Noticed Edmund
  4988 | D:4      | Found an ornate altar of the Wu Jian Council.
  5023 | D:3      | Paralysed by Grinder for 2 turns
  5231 | D:2      | Killed a slave
  5574 | D:3      | Killed a slave
  5990 | D:3      | Reached skill level 6 in Axes
  6071 | D:3      | Killed a slave
  6504 | D:4      | Reached skill level 7 in Axes
  6530 | D:4      | Reached XP level 7. HP: 35/57 MP: 9/9
  7073 | D:4      | Found Umys's Armour Shoppe.
  7078 | D:4      | Bought a +0 cloak for 49 gold pieces
  7243 | D:4      | Reached skill level 8 in Axes
  7634 | D:5      | Entered Level 5 of the Dungeon
  7916 | D:5      | Reached skill level 9 in Axes
  8107 | D:5      | Found a staircase to the Ecumenical Temple.
  8213 | Temple   | Entered the Ecumenical Temple
  8228 | Temple   | Became a worshipper of Warmaster Okawaru
  8491 | D:4      | Reached XP level 8. HP: 29/63 MP: 10/10
  8906 | D:5      | Reached skill level 10 in Axes
  9100 | D:6      | Noticed Menkaure
  9461 | D:6      | Slain by Menkaure

Vault maps used:
D:1:      nzn_arrival_crosshair
D:2:      gammafunk_temple_overflow_forgotten, lemuel_coloured_pillars_altar,
          minmay_pentomino_r2
D:3:      overflow_temple_1_default, minivault_25, uniq_grinder
D:4:      overflow_temple_1_default, kennysheep_mini, serial_shops,
          nicolae_shop_trees, uniq_edmund, uniq_pikel
D:5:      minmay_temple_entry_mist, first_ration
D:6:      serial_undead, serial_undead_b, serial_undead_c, serial_undead_d,
          serial_undead_a, uniq_menkaure
Temple:   minmay_freezing_vapour_temple

Skill      XL: |  1  2  3  4  5  6  7  8 |
---------------+-------------------------+-----
Fighting       | 1 2 3 |  3.0
Armour         | 1 2 3 |  3.0
Axes           | 2 5 7 9 10 | 10.2
Invocations    | 2 3 |  3.5
Short Blades   | |  1.0
Dodging        | |  1.5
Stealth        | |  2.4
Spellcasting   | |  1.5
Hexes          | |  3.0

Action                   |  1- 3 |  4- 6 |  7- 9 || total
-------------------------+-------+-------+-------++-------
Melee: Dagger            |   199 |   311 |       ||   510
       Hand axe          |       |   137 |   360 ||   497
 Cast: Corona            |     6 |       |       ||     6
Evoke: Wand              |       |       |     1 ||     1
  Use: Potion            |     3 |     4 |     3 ||    10
       Scroll            |     2 |    10 |     1 ||    13
 Stab: Sleeping          |     1 |       |       ||     1
  Eat: Chunk             |     3 |     9 |     9 ||    21
       Ration            |       |     2 |       ||     2
Armor: Ring mail         |    98 |   189 |    54 ||   341
       Robe              |     1 |       |       ||     1
       Scale mail        |       |       |    57 ||    57
Dodge: Dodged            |   139 |   195 |   152 ||   486

Table legend:
 A = Spawn XP
 B = Non-spawn XP
 C = Spawn XP percentage of total XP
 D = Spawn monster count
 E = Non-spawn monster count
 F = Spawn count percentage of total count
 G = Total turns spent on level
                    A         B        C        D         E        F      G
               +---------+---------+-------+---------+---------+-------+---------
         Total |       0 |    1533 |   0.0 |       0 |     112 |   0.0 |  9461
               +---------+---------+-------+---------+---------+-------+---------
           D:1 |       0 |      62 |   0.0 |       0 |      28 |   0.0 |  1629
           D:2 |       0 |      54 |   0.0 |       0 |      25 |   0.0 |  2367
           D:3 |       0 |     309 |   0.0 |       0 |      15 |   0.0 |  2443
           D:4 |       0 |     530 |   0.0 |       0 |      29 |   0.0 |  1419
           D:5 |       0 |     446 |   0.0 |       0 |      14 |   0.0 |  1534
           D:6 |       0 |     132 |   0.0 |       0 |       1 |   0.0 |    48
               +---------+---------+-------+---------+---------+-------+---------
